 Dungeon Crawl Stone Soup version 0.19.0-2-gae57169 (webtiles) character file.

17900 dobroeutro the Severer (level 12, -1/122 HPs)
             Began as a Minotaur Fighter on Nov 6, 2016.
             Was a High Priest of Okawaru.
             Slain by a skeletal warrior
             ... wielding a +0 glaive
             ... led by a skeletal warrior
              (17 damage)
             ... on level 12 of the Dungeon.
             The game lasted 00:17:43 (12162 turns).

dobroeutro the Severer (Minotaur Fighter)          Turns: 12162, Time: 00:17:43

Health: -1/122     AC: 11    Str: 25    XL:     12   Next: 23%
Magic:  12/13      EV: 17    Int:  4    God:    Okawaru [*****.]
Gold:   540        SH:  0    Dex: 12    Spells: 0 memorised, 11 levels left

rFire  . . .     SeeInvis .     o - +0 battleaxe
rCold  . . .     Gourm    .     b - +0 scale mail
rNeg   . . .     Faith    .     (shield currently unavailable)
rPois  .         Spirit   .     (helmet restricted)
rElec  .         Reflect  .     (no cloak)
rCorr  .         Harm     .     F - +1 pair of gloves
MR     .....                    (no boots)
Stlth  +.........               N - amulet of rage
                                J - +4 ring of dexterity
                                C - +4 ring of slaying

@: heroism
A: retaliatory headbutt, hooves 1, horns 2, thin metallic scales 1, blurry
vision 1, clumsy 1, deformed body, dopey 1, robust 1
a: Heroism, Finesse, Renounce Religion, Evoke Berserk Rage


You were on level 12 of the Dungeon.
You worshipped Okawaru.
Okawaru was extremely pleased with you.
You were hungry.

You visited 2 branches of the dungeon, and saw 13 of its levels.
You also visited: Sewer.

You collected 540 gold pieces.

Inventory:

Hand Weapons
 a - a +1 war axe
 o - a +0 battleaxe (weapon)
Armour
 b - a +0 scale mail (worn)
 c - a +0 shield
 F - a +1 pair of gloves (worn)
Jewellery
 t - a +2 ring of intelligence
 B - an uncursed ring of resist corrosion
 C - a +4 ring of slaying (left hand)
 J - a +4 ring of dexterity (right hand)
 N - an amulet of rage (around neck)
Wands
 i - a wand of random effects (48/48)
 x - a wand of disintegration (7/24)
 D - a wand of flame (23/48)
 L - a wand of flame (25/48)
Scrolls
 j - 2 scrolls of remove curse
 k - 3 scrolls of teleportation
 m - 4 scrolls of recharging
 n - 2 scrolls of fog
 q - 2 scrolls of magic mapping
 r - 3 scrolls of enchant weapon
 y - 2 scrolls of amnesia
 G - a scroll of identify
 I - a scroll of blinking
Potions
 d - 6 potions of might
 e - 2 potions of curing
 h - a potion of beneficial mutation {unknown}
 l - 4 potions of lignification
 s - 3 potions of magic
 u - a potion of haste
 v - a potion of berserk rage {unknown}
 w - a potion of ambrosia {unknown}
 A - a potion of resistance
 H - a potion of mutation {unknown}
Miscellaneous
 E - a phial of floods (inert)
 K - a sack of spiders
Comestibles
 f - 6 bread rations
 p - 2 meat rations
 z - 3 slices of pizza
 O - 3 fruits


   Skills:
 + Level 11.6(16.6) Fighting
 * Level 15.6(20.6) Axes
 + Level 10.0(15.0) Armour
 + Level 8.4(13.4) Dodging
 - Level 3.6(8.6) Shields
 + Level 3.4 Evocations


You had 11 spell levels left.
You didn't know any spells.

Dungeon Overview and Level Annotations

Branches:
Dungeon (12/15)            Temple (1/1) D:5            Lair (0/6) D:8
    Orc (0/2) D:10

Altars:
Ashenzari
Cheibriados
Dithmenos
Elyvilon
Fedhas
Gozag
Hepliaklqana
Kikubaaqudgha
Makhleb
Nemelex Xobeh
Okawaru
Qazlal
Ru
Sif Muna
Trog
Uskayaw
Vehumet
Xom
Yredelemnul
Zin
The Shining One
Beogh

Annotations:
D:11 2 exclusions


Innate Abilities, Weirdness & Mutations

You reflexively headbutt those who attack you in melee.
You have a pair of horns on your head.
You have large cloven feet.
You are partially covered in thin metallic scales. (AC +2)
Scrolls take you a little longer to read.
You are clumsy. (Dex -2)
Armour fits poorly on your strangely shaped body.
You are dopey. (Int -2)
You are robust. (+10% HP)


Message History

You slash the skeletal warrior!
You kick the skeletal warrior, but do no damage.
You headbutt the skeletal warrior, but do no damage.
The skeletal warrior is severely damaged.
The skeletal warrior hits you with a glaive!!
* * * LOW HITPOINT WARNING * * *
You feel much better.
You hit the skeletal warrior but do no damage.
You kick the skeletal warrior, but do no damage.
You headbutt the skeletal warrior.
The skeletal warrior is almost destroyed.
The skeletal warrior hits you with a glaive!!
* * * LOW HITPOINT WARNING * * *
You slash the skeletal warrior!
The skeletal warrior is almost destroyed.
You completely miss the skeletal warrior.
You kick the skeletal warrior, but do no damage.
The skeletal warrior is almost destroyed.
The skeletal warrior hits you with a glaive!
You die...

######'#.......#
#.####
+........########
#.####
#........#.....#
#.....
#........#.....#
#.....
#........#.....#
#.....
#........#.....#
#.....
#........#.....#
#.....
#####+####.....#
#..... #.@...#
#..... ##z######
#..#.. #.......#
#..#.. #.......#
#..#.. #.......+
+..#.. #....#..#
#..#.. #....#..#
#..... #....#..#
#..... #....#..#
#.....


You could see a skeletal warrior.

Vanquished Creatures
  Snorg (D:10)
  A death knight (D:10)
  A centaur warrior (D:11)
  An unseen horror (D:10)
  3 skeletal warriors (D:12)
  6 hill giants
  2 ugly things (D:10)
  A cyclops (D:10)
  A komodo dragon (D:8)
  A troll (D:12)
  2 hornets
  A two-headed ogre (D:10)
  2 wraiths (D:10)
  3 wyverns
  2 hungry ghosts (D:11)
  A water moccasin (D:10)
  A hornet zombie (D:7)
  5 ice beasts
  4 orc warriors
  2 black bears (D:8)
  2 sky beasts
  5 ogres
  9 phantoms
  A necrophage (D:10)
  9 centaurs
  2 big kobolds
  8 bullfrogs
  2 scorpions
  18 killer bees
  9 wights
  A howler monkey (D:7)
  9 crimson imps
  9 orc priests
  2 bullfrog zombies
  6 hounds
  4 jellies
  A bullfrog skeleton (D:10)
  Jessica (D:3)
  4 iguanas
  Ijyb (D:2)
  11 orc wizards
  9 worker ants
  A killer bee zombie (D:10)
  A hound zombie (D:8)
  2 hound skeletons
  A howler monkey zombie (D:5)
  20 adders
  3 river rats (Sewer)
  3 shadow imps
  3 oozes
  An adder skeleton (D:10)
  3 worms
  A dart slug (D:1)
  A leopard gecko (D:9)
  50 orcs
  11 ball pythons
  8 bats
  6 giant cockroaches
  6 goblins
  8 hobgoblins
  10 jackals
  20 kobolds
  8 quokkas
  6 frilled lizards
  A leopard gecko skeleton (D:4)
  A quokka skeleton (D:4)
  26 rats
365 creatures vanquished.

Vanquished Creatures (collateral kills)
  An ugly thing (D:10)
1 creature vanquished.

Vanquished Creatures (others)
  3 plants (D:8)
3 creatures vanquished.

Grand Total: 369 creatures vanquished

Notes
Turn   | Place    | Note
-------+----------+-------------------------------------------
     0 | D:1      | dobroeutro the Minotaur Fighter began the quest for the Orb.
     0 | D:1      | Reached XP level 1. HP: 19/19 MP: 0/0
   105 | D:1      | Reached skill level 3 in Axes
   129 | D:1      | Reached XP level 2. HP: 25/27 MP: 1/1
   343 | D:1      | Reached XP level 3. HP: 26/33 MP: 2/2
   552 | D:2      | Noticed Ijyb
   562 | D:2      | Killed Ijyb
   562 | D:2      | Reached skill level 4 in Axes
   582 | D:2      | Reached XP level 4. HP: 41/41 MP: 3/3
   867 | D:2      | Reached skill level 5 in Axes
  1465 | D:3      | Reached skill level 5 in Fighting
  1465 | D:3      | Reached XP level 5. HP: 41/48 MP: 4/4
  1543 | D:3      | Noticed an ice beast
  1553 | D:3      | Killed an ice beast
  1553 | D:3      | Reached skill level 6 in Axes
  1553 | D:3      | Reached XP level 6. HP: 24/56 MP: 5/5
  1923 | D:3      | Found a radiant altar of Vehumet.
  1931 | D:3      | Noticed Jessica
  1935 | D:3      | Killed Jessica
  2282 | D:4      | Reached skill level 7 in Axes
  2372 | D:4      | Found a glowing drain.
  2391 | Sewer    | Entered a sewer
  2597 | Sewer    | Reached skill level 8 in Axes
  2597 | Sewer    | Reached XP level 7. HP: 28/63 MP: 6/6
  2920 | D:4      | Reached skill level 9 in Axes
  2987 | D:4      | Found a shadowy altar of Dithmenos.
  3189 | D:4      | Reached XP level 8. HP: 73/73 MP: 7/7
  3191 | D:4      | Found a glowing golden altar of the Shining One.
  3193 | D:4      | Noticed an angel
  3423 | D:4      | Found a basalt altar of Yredelemnul.
  3460 | D:5      | Entered Level 5 of the Dungeon
  3564 | D:5      | Reached skill level 10 in Axes
  3654 | D:5      | Found a staircase to the Ecumenical Temple.
  3670 | Temple   | Entered the Ecumenical Temple
  3710 | Temple   | Became a worshipper of Warmaster Okawaru
  3837 | D:5      | Found an opulent altar of Gozag.
  3838 | D:5      | Found a sparkling altar of Nemelex Xobeh.
  3840 | D:5      | Found a shimmering altar of Xom.
  3841 | D:5      | Found a hide-covered altar of Uskayaw.
  3841 | D:5      | Found a hazy altar of Hepliaklqana.
  3841 | D:5      | Found a snail-covered altar of Cheibriados.
  3841 | D:5      | Found a burning altar of Makhleb.
  3842 | D:5      | Found a bloodstained altar of Trog.
  4260 | D:5      | Reached skill level 1 in Dodging
  4467 | D:6      | Gained mutation: Scrolls take you a little longer to read. [mutagenic meat]
  4468 | D:6      | Gained mutation: You are weak. (Str -2) [mutagenic meat]
  4469 | D:6      | Lost mutation: You are weak. (Str -2) [mutagenic meat]
  4470 | D:6      | Gained mutation: You are clumsy. (Dex -2) [mutagenic meat]
  4471 | D:6      | Gained mutation: You have large cloven feet. [mutagenic meat]
  4615 | D:6      | Found a deep blue altar of Sif Muna.
  4708 | D:6      | Reached skill level 11 in Axes
  4711 | D:6      | Found a blossoming altar of Fedhas.
  4923 | D:7      | Reached * piety under Okawaru
  4923 | D:7      | Reached XP level 9. HP: 77/81 MP: 8/8
  5049 | D:7      | Reached skill level 5 in Armour
  5448 | D:7      | Reached ** piety under Okawaru
  5568 | D:7      | Reached skill level 12 in Axes
  6109 | D:8      | Found a staircase to the Lair.
  6110 | D:8      | Noticed a komodo dragon
  6304 | D:8      | Gained mutation: You are robust. (+10% HP) [mutagenic meat]
  6305 | D:8      | Gained mutation: Armour fits poorly on your strangely shaped body. [mutagenic meat]
  6307 | D:8      | Gained mutation: You are partially covered in thin metallic scales. (AC +2) [mutagenic meat]
  6308 | D:8      | Lost mutation: You are clumsy. (Dex -2) [mutagenic meat]
  6321 | D:8      | Noticed a hill giant
  6331 | D:8      | Killed a hill giant
  6331 | D:8      | Reached *** piety under Okawaru
  6331 | D:8      | Reached XP level 10. HP: 37/100 MP: 9/9
  6353 | D:8      | Reached skill level 5 in Dodging
  6791 | D:8      | Reached skill level 13 in Axes
  7458 | D:9      | Noticed a six-headed hydra
  7769 | D:10     | Entered Level 10 of the Dungeon
  7769 | D:10     | Noticed a hill giant
  7777 | D:10     | Killed a hill giant
  7777 | D:10     | Reached **** piety under Okawaru
  7777 | D:10     | Reached skill level 10 in Fighting
  7819 | D:10     | Noticed a hill giant
  7829 | D:10     | Killed a hill giant
  7878 | D:10     | Killed an unseen horror
  8204 | D:10     | Reached skill level 14 in Axes
  8204 | D:10     | Reached XP level 11. HP: 108/111 MP: 10/10
  8552 | D:10     | Noticed a death knight
  8566 | D:10     | Killed a death knight
  8566 | D:10     | Reached ***** piety under Okawaru
  9606 | D:10     | Noticed Snorg
  9619 | D:10     | Killed Snorg
  9619 | D:10     | Reached skill level 1 in Evocations
  9642 | D:10     | Found a staircase to the Orcish Mines.
 10015 | D:10     | Found a roughly hewn altar of Beogh.
 10276 | D:11     | Noticed a centaur warrior
 10278 | D:11     | Noticed a hill giant
 10282 | D:11     | Killed a centaur warrior
 10282 | D:11     | Received a gift from Okawaru
 10287 | D:11     | Killed a hill giant
 10314 | D:11     | Noticed a brown ugly thing
 10348 | D:10     | Killed a brown ugly thing
 10348 | D:10     | Reached skill level 15 in Axes
 10353 | D:10     | Gained mutation: You are dopey. (Int -2) [mutagenic meat]
 10354 | D:10     | Gained mutation: You are clumsy. (Dex -2) [mutagenic meat]
 10458 | D:11     | Noticed a purple ugly thing
 10458 | D:11     | Noticed a cyan ugly thing
 10467 | D:10     | Killed a cyan ugly thing
 10469 | D:10     | Killed a cyan ugly thing
 10886 | D:11     | Paralysed by a hornet for 3 turns
 10954 | D:11     | Noticed a hill giant
 10962 | D:11     | Killed a hill giant
 11723 | D:11     | Noticed a hill giant
 11730 | D:11     | Killed a hill giant
 11730 | D:11     | Reached XP level 12. HP: 90/121 MP: 13/13
 12153 | D:12     | Reached skill level 10 in Armour
 12158 | D:12     | HP: 5/122 [skeletal warrior/glaive[a skeletal warrior] (22)]
 12162 | D:12     | Slain by a skeletal warrior

Skill      XL: |  1  2  3  4  5  6  7  8  9 10 11 12 |
---------------+-------------------------------------+-----
Axes           | 3 4 5 6 8 9 11 12 14 15 | 15.6
Fighting       | 4 5 6 7 8 9 10 11 | 11.6
Dodging        | 2 4 6 8 |  8.4
Armour         | 4 6 8 9 10 | 10.0
Evocations     | 3 |  3.4
Shields        | |  3.6

Action                   |  1- 3 |  4- 6 |  7- 9 | 10-12 || total
-------------------------+-------+-------+-------+-------++-------
Melee: War axe           |    72 |   198 |   334 |   166 ||   770
       Headbutt          |     7 |    26 |    51 |    93 ||   177
       Kick              |       |       |    44 |   127 ||   171
       Battleaxe         |       |       |       |   265 ||   265
Invok: Heroism           |       |       |     1 |     7 ||     8
Evoke: Wand              |       |       |     3 |       ||     3
       Sack of spiders   |       |       |       |     4 ||     4
       Phial of floods   |       |       |       |     1 ||     1
  Use: Scroll            |       |     5 |     8 |     6 ||    19
       Potion            |       |       |     4 |     5 ||     9
  Eat: Chunk             |       |     6 |    22 |    16 ||    44
       Meat ration       |       |       |       |     1 ||     1
       Pizza             |       |       |       |     1 ||     1
       Beef jerky        |       |       |       |     1 ||     1
Armor: Scale mail        |    42 |   102 |   100 |   138 ||   382
Dodge: Dodged            |    19 |    74 |    78 |   275 ||   446
Block: Shield            |    42 |   100 |    65 |       ||   207
       Buckler           |       |       |    40 |    37 ||    77
